 Dungeon Crawl Stone Soup version 0.22-a0-877-g5c4e1af (webtiles) character file.

2298 iamserjio the Frost Mage (level 9, -8/73 HPs)
             Began as a Barachi Ice Elementalist on July 29, 2018.
             Was an Elder of Cheibriados.
             Mangled by an orc warrior
             ... wielding a +0 dire flail
              (15 damage)
             ... on level 8 of the Dungeon.
             The game lasted 00:31:25 (3592 turns).

iamserjio the Frost Mage (Barachi Ice Elementalist) Turns: 3592, Time: 00:31:26

Health: -8/73      AC:  9    Str: 21    XL:     9   Next: 40%
Magic:  2/15       EV: 14    Int: 31    God:    Cheibriados [****..]
Gold:   209        SH:  6    Dex: 22    Spells: 4/16 levels left

rFire    . . .     SeeInvis .   I - +5 trident of Gikhano {freeze, Int+3}
rCold    . . .     Gourm    .   J - +0 buckler
rNeg     . . .     Faith    .   a - +0 robe
rPois    .         Spirit   .   H - +2 helmet
rElec    .         Reflect  .   (no cloak)
rCorr    .         Harm     .   s - +1 pair of gloves {Str+3}
MR       +....                  B - +0 pair of boots
Stlth    ++........             (no amulet)
HPRegen  0.22/turn              h - +1 ring of protection
MPRegen  0.14/turn              q - ring of protection from magic

@: can't hop, very slow
A: +LOS, swims, slowness 1, strong legs 1
a: Hop, Bend Time, Temporal Distortion, Slouch, Renounce Religion


You were on level 8 of the Dungeon.
You worshipped Cheibriados.
Cheibriados was greatly pleased with you.
You were hungry.

You visited 1 branch of the dungeon, and saw 8 of its levels.
You also visited: Sewer.

You collected 209 gold pieces.

Inventory:

Hand Weapons
 b - a +0 short sword
 g - a cursed -1 trident
 l - a +0 rapier
 m - a +0 hunting sling
 u - a +0 mace of protection
 x - a +0 blowgun
 I - the +5 trident of Gikhano (weapon) {freeze, Int+3}
   (You found it on level 5 of the Dungeon)

   It has been specially enchanted to freeze those struck by it, causing extra
   injury to most foes and up to half again as much damage against particularly
   susceptible opponents.
   It can also slow down cold-blooded creatures.
   It affects your intelligence (+3).
 K - a +0 quarterstaff
Missiles
 n - 54 sling bullets
 y - 19 poisoned needles
 N - 36 arrows
Armour
 a - a +0 robe (worn)
 s - a +1 pair of gloves of strength (worn)
 v - a +2 chain mail of cold resistance
 B - a +0 pair of boots (worn)
 C - a +2 hat
 H - a +2 helmet (worn)
 J - a +0 buckler (worn)
 L - a +2 pair of gloves
Jewellery
 h - a +1 ring of protection (left hand)
 q - a ring of protection from magic (right hand)
Wands
 M - a wand of clouds (1)
 R - a wand of paralysis (8)
Scrolls
 f - 2 scrolls of enchant weapon {unknown}
 i - 3 scrolls of teleportation
 k - 3 scrolls of remove curse {@r2}
 o - a scroll of amnesia {unknown}
 p - a scroll of enchant armour {unknown}
 z - a scroll of magic mapping {unknown}
 D - 2 scrolls of immolation {unknown}
 E - 2 scrolls of fog {unknown}
 G - a scroll of blinking {unknown}
 Q - a scroll of holy word {unknown}
Potions
 d - a potion of resistance
 e - 5 potions of heal wounds
 j - 3 potions of curing {@q1}
 r - a potion of cancellation
 t - a potion of berserk rage {unknown}
 w - 7 potions of brilliance {unknown}
 A - a potion of flight {unknown}
 F - 6 potions of haste
 O - 2 potions of might {unknown}
 P - a potion of invisibility {unknown}
 S - a potion of agility {unknown}
Comestibles
 c - 18 rations


   Skills:
 + Level 7.7 Fighting
 + Level 3.4 Dodging
 - Level 1.7 Stealth
 - Level 4.0 Shields
 * Level 3.3 Unarmed Combat
 + Level 4.2 Spellcasting
 - Level 1.1 Conjurations
 - Level 1.2 Charms
 - Level 5.0 Summonings
 - Level 8.1 Ice Magic
 + Level 1.0 Invocations


You had 4 spell levels left.
You knew the following spells:

 Your Spells              Type           Power        Failure   Level  Hunger
a - Freeze                Ice            ####         1%          1    None
b - Ozocubu's Armour      Chrm/Ice       #####...     2%          3    #......
c - Summon Ice Beast      Ice/Summ       #####...     4%          4    ###....
d - Throw Icicle          Conj/Ice       #####...     9%          4    ###....

Your spell library contained the following spells:

 Spells                   Type           Power        Failure   Level  Hunger
 Throw Frost              Conj/Ice       #####.       1%          2    None


Dungeon Overview and Level Annotations

Branches:
Dungeon (8/15)             Temple (0/1) D:5
   Lair: D:8-11

Altars:
Ashenzari
Cheibriados
Fedhas
Gozag
Hepliaklqana
Nemelex Xobeh
Sif Muna
The Shining One


Innate Abilities, Weirdness & Mutations

Shadows flee at your approach. (+LOS)
You can swim through water.
You cover ground slowly.
You can hop short distances.


Message History

Something completely misses your ice beast.
Something closely misses your ice beast.
Your ice beast hits the orc warrior but does no damage.
What are your orders? t - Ribbit!
Orders for allies: a - Attack new target. p - Attack previous target. r - Retreat! s - Stop attacking. g - Guard the area. f - Follow me.
Anything else - Cancel.
Guard this area!
The orc warrior hits your ice beast with a dire flail.
Your ice beast hits the orc warrior but does no damage.
Your ice beast completely misses the orc warrior.
Evoke which item? (* to show all) (? for menu, Esc to quit)
Aiming: Paralyse
Press: ? - help, Shift-Dir - straight line, f/p - orc warrior
Aim: an orc warrior, wielding a dire flail and wearing a plate armour (heavily wounded, chance to defeat MR: 46%)
The orc warrior resists with some effort.
The orc warrior hits you with a dire flail!
You die...

#†#
###.#######
#.<.........
#)#.####..##
#.#.# .#
#.#.####..#
#.#Y......###
#.#....:.....
#@##.# #.oY.#
######


You could see an orc warrior and a friendly ice beast.

Vanquished Creatures
  Grinder (D:3)
  A hog (D:7)
  An orc warrior (D:6)
  2 centaurs (D:5)
  A bullfrog (D:7)
  A howler monkey (D:4)
  A crimson imp (D:5)
  2 orc priests
  A bullfrog skeleton (D:7)
  3 orc wizards (D:6)
  An iguana (D:7)
  2 worker ants
  A worker ant zombie (D:7)
  A howler monkey skeleton (D:4)
  7 adders
  3 river rats
  A shadow imp (D:6)
  A white imp (D:6)
  An ooze (D:4)
  2 worms
  A dart slug (D:2)
  4 leopard geckos
  17 orcs
  6 ball pythons
  6 bats
  3 giant cockroaches
  7 goblins
  7 hobgoblins
  5 jackals
  14 kobolds
  2 quokkas
  8 frilled lizards
  A hobgoblin zombie (D:6)
  3 orc skeletons (D:6)
  A quokka zombie (D:6)
  18 rats
137 creatures vanquished.

Vanquished Creatures (collateral kills)
  A two-headed ogre (D:8)
  3 hogs (D:7)
  A human (D:7)
  An ice beast (D:5)
  2 sky beasts
  A big kobold (D:7)
  2 electric eels (D:7)
  A centaur zombie (D:7)
  An orc priest (D:6)
  4 orc wizards (D:6)
  2 bullfrog skeletons (D:4)
  A shadow imp (D:6)
  A leopard gecko (D:6)
  4 orcs (D:6)
  2 goblin skeletons (D:6)
  A hobgoblin zombie (D:6)
  3 kobolds (D:7)
  2 kobold zombies (D:6)
  An orc zombie (D:6)
34 creatures vanquished.

Grand Total: 171 creatures vanquished

Notes
Turn   | Place    | Note
-------+----------+-------------------------------------------
     0 | D:1      | iamserjio the Barachi Ice Elementalist began the quest for the Orb.
     0 | D:1      | Reached XP level 1. HP: 13/13 MP: 3/3
    61 | D:1      | Reached skill level 4 in Ice Magic
    81 | D:1      | Reached XP level 2. HP: 15/19 MP: 0/5
   230 | D:1      | Reached XP level 3. HP: 19/24 MP: 1/6
   233 | D:1      | Reached skill level 5 in Ice Magic
   294 | D:2      | You fall through a shaft for 2 floors!
   340 | D:3      | Learned a level 3 spell: Ozocubu's Armour
   345 | D:3      | Found a shattered altar of Ashenzari.
   491 | D:2      | Found a faded altar of an unknown god.
   559 | D:2      | Reached XP level 4. HP: 9/30 MP: 0/7
   749 | D:3      | Noticed Grinder
   791 | D:3      | Killed Grinder
   791 | D:3      | Reached skill level 8 in Ice Magic
   791 | D:3      | Reached XP level 5. HP: 7/35 MP: 5/8
   791 | D:3      | Reached XP level 6. HP: 8/41 MP: 5/9
   827 | D:3      | Learned a level 4 spell: Summon Ice Beast
   948 | D:4      | Found a blossoming altar of Fedhas.
  1173 | D:4      | Reached skill level 1 in Summonings
  1180 | D:4      | Found a snail-covered altar of Cheibriados.
  1195 | D:4      | Became a worshipper of Cheibriados the Contemplative
  1286 | D:4      | Reached skill level 1 in Fighting
  1311 | D:4      | Noticed a steam dragon
  1500 | D:5      | Entered Level 5 of the Dungeon
  1506 | D:5      | Found a deep blue altar of Sif Muna.
  1531 | D:5      | Found a hazy altar of Hepliaklqana.
  1532 | D:5      | Noticed an ice beast
  1571 | D:5      | Killed an ice beast
  1571 | D:5      | Reached XP level 7. HP: 49/49 MP: 9/11
  1603 | D:5      | Got a warped trident
  1611 | D:5      | Found an opulent altar of Gozag.
  1625 | D:5      | Identified the +5 trident of Gikhano {freeze, Int+3} (You found it on level 5 of the Dungeon)
  1851 | D:5      | Found a staircase to the Ecumenical Temple.
  1953 | D:5      | Reached skill level 1 in Shields
  2010 | D:5      | Found a glowing drain.
  2025 | Sewer    | Entered a sewer
  2034 | Sewer    | Learned a level 4 spell: Throw Icicle
  2114 | Sewer    | Reached * piety under Cheibriados
  2344 | D:6      | Found a glowing golden altar of the Shining One.
  2350 | D:6      | Reached ** piety under Cheibriados
  2366 | D:6      | Reached XP level 8. HP: 52/58 MP: 5/13
  2422 | D:6      | Reached skill level 5 in Summonings
  2548 | D:6      | Reached *** piety under Cheibriados
  2858 | D:6      | Found a sparkling altar of Nemelex Xobeh.
  3152 | D:7      | Reached skill level 5 in Fighting
  3441 | D:7      | Reached **** piety under Cheibriados
  3463 | D:7      | Reached skill level 1 in Unarmed Combat
  3463 | D:7      | Reached XP level 9. HP: 72/72 MP: 9/15
  3551 | D:8      | Noticed a two-headed ogre
  3574 | D:8      | HP: 1/72 [two-headed ogre/giant club (18)]
  3575 | D:8      | Killed a two-headed ogre
  3575 | D:8      | Reached skill level 1 in Charms
  3575 | D:8      | Reached skill level 1 in Invocations
  3592 | D:8      | Mangled by an orc warrior

Vault maps used:
D:1:      onia_arrival_mini_maze_b, minmay_close_crescents
D:2:      chequers_ecumenical_altar_simple
D:3:      cheibrodos_ashenzari_chains, uniq_grinder
D:4:      fedhas_altar_4, cheibriados_altar_1, first_ration
D:5:      grunt_gozag_breadcrumbs, lemuel_doored_altar,
          minmay_temple_entry_glassed_door, portal_sewer_entry_b, basic_altar,
          hangedman_abyss_or_decor_stagger
D:6:      nemelex_xobeh_ov_fountains_minmay, nicolae_tso_besieged_by_evil
D:7:      grunt_livestock, minivault_14, hangedman_decor_lopped,
          glass_columns_a, columned_hall_lemuel, interstate_on_off
D:8:      david_lair_shrubbed, tgw_kikubaaqudgha
Sewer:    sewer_co_cracked_pipes

Skill      XL: |  1  2  3  4  5  6  7  8  9 |
---------------+----------------------------+-----
Ice Magic      | 4 5 8 |  8.1
Summonings     | 2 4 5 |  5.0
Fighting       | 1 3 7 |  7.7
Spellcasting   | 3 4 |  4.2
Shields        | 2 4 |  4.0
Unarmed Combat | 1 3 |  3.3
Dodging        | 3 |  3.4
Charms         | 1 |  1.2
Invocations    | 1 |  1.0
Stealth        | |  1.7
Conjurations   | |  1.1

Action                   |  1- 3 |  4- 6 |  7- 9 || total
-------------------------+-------+-------+-------++-------
Melee: Short sword       |    47 |     3 |       ||    50
       Mace              |       |    12 |       ||    12
       Trident           |       |       |   105 ||   105
 Fire: Blowgun           |       |       |     1 ||     1
 Cast: Freeze            |    54 |    36 |    60 ||   150
       Summon Ice Beast  |       |     3 |    24 ||    27
       Ozocubu's Armour  |       |     2 |     3 ||     5
 Abil: Hop               |       |     2 |     2 ||     4
Evoke: Wand              |       |     7 |     5 ||    12
  Use: Scroll            |       |     7 |     1 ||     8
 Stab: Sleeping          |     1 |       |     4 ||     5
       Confused          |       |       |     1 ||     1
  Eat: Chunk             |       |     1 |     9 ||    10
       Ration            |       |     1 |       ||     1
Armor: Robe              |    21 |    12 |    54 ||    87
Dodge: Dodged            |    70 |    29 |   110 ||   209
Block: Buckler           |       |       |     2 ||     2

Table legend:
 A = Spawn XP
 B = Non-spawn XP
 C = Spawn XP percentage of total XP
 D = Spawn monster count
 E = Non-spawn monster count
 F = Spawn count percentage of total count
 G = Total turns spent on level
                    A         B        C        D         E        F      G
               +---------+---------+-------+---------+---------+-------+---------
         Total |       0 |    3283 |   0.0 |       0 |     171 |   0.0 |  3592
               +---------+---------+-------+---------+---------+-------+---------
           D:1 |       0 |      41 |   0.0 |       0 |      24 |   0.0 |   288
           D:2 |       0 |      32 |   0.0 |       0 |      18 |   0.0 |   209
           D:3 |       0 |     301 |   0.0 |       0 |      16 |   0.0 |   522
           D:4 |       0 |     174 |   0.0 |       0 |      10 |   0.0 |   481
           D:5 |       0 |     407 |   0.0 |       0 |      13 |   0.0 |   679
           D:6 |       0 |     604 |   0.0 |       0 |      37 |   0.0 |   540
           D:7 |       0 |    1017 |   0.0 |       0 |      32 |   0.0 |   604
           D:8 |       0 |     641 |   0.0 |       0 |       4 |   0.0 |    43
         Sewer |       0 |      66 |   0.0 |       0 |      17 |   0.0 |   226
               +---------+---------+-------+---------+---------+-------+---------
